 Dungeon Crawl Stone Soup version 0.29.1-15-g9cfb28693d (webtiles) character file.

Game seed: 11810258312300192902

1433964 SuperSeabass the Slayer (level 27, 191/191 HPs)
             Began as a Djinni Warper on Mar 30, 2023.
             Was the Champion of the Shining One.
             Escaped with the Orb
             ... and 3 runes!
             The game lasted 07:05:32 (95438 turns).

SuperSeabass the Slayer (Djinni Warper)            Turns: 95438, Time: 07:05:33

Health: 191/191    AC: 24    Str: 10    XL:     27
Gold:   454        EV: 25    Int: 26    God:    the Shining One [******] SH: 20 Dex: 22

rFire   + + .      SeeInvis +   a - +8 autumn katana {vorpal, manifold assault}
rCold   + . .      Faith    .   l - +5 kite shield {rC+}
rNeg    + + +      Spirit   .   v - +6 acid dragon scales
rPois   ∞          Reflect  .   B - +3 crown of Dyrovepreva {rElec Int+2 SInv}
rElec   +          Harm     .   N - +1 cloak "Qiegg" {rCorr Int+4}
rCorr   +          Rampage  .   s - +2 pair of gloves {Stlth+}
Will    +++..                   (boots unavailable)
Stlth   +.........              i - amulet of regeneration
HPRegen 1.21/turn               W - ring of willpower
MPRegen 0.00/turn               C - ring of protection from cold

@: flying, glowing, studying Evocations
A: sickness immunity, fire resistance 2, cold vulnerability 1, float, innate
caster, HP casting, extra vitality 1, frail 1, screaming 2
0: Orb of Zot
}: 3/15 runes: barnacled, silver, gossamer
a: Renounce Religion, Divine Shield, Cleansing Flame, Summon Divine Warrior


You escaped.
You worshipped the Shining One.
The Shining One was exalted by your worship.
You visited 12 branches of the dungeon, and saw 52 of its levels.
You also visited: Trove, Sewer, Ice Cave and Wizlab.

You collected 6808 gold pieces.
You spent 6354 gold pieces at shops.

Inventory:

Hand Weapons
 a - the +8 autumn katana (weapon) {vorpal, manifold assault}
   (You bought it in a shop on level 5 of the Vaults)

   It sometimes launches melee attacks against multiple visible enemies.
 b - a +8 eudemon blade of holy wrath
 f - a +7 double sword of freezing
Missiles
 o - 3 throwing nets
 U - 9 curare-tipped darts
Armour
 l - a +5 kite shield of cold resistance (worn)
 s - a +2 pair of gloves of stealth (worn)
 v - +6 acid dragon scales (worn)
 B - the +3 crown of Dyrovepreva (worn) {rElec Int+2 SInv}
   (You acquired it on level 11 of the Dungeon)

   Int:       It affects your intelligence (+2).
   rElec:     It insulates you from electricity.
   SInv:      It lets you see invisible.
 N - the +1 cloak "Qiegg" (worn) {rCorr Int+4}
   (You found it in a treasure trove)

   Int:       It affects your intelligence (+4).
   rCorr:     It protects you from acid and corrosion.
 P - the +3 cloak of Duty {Slay+2}
   (You found it in a treasure trove)

   Slay:      It affects your accuracy & damage with ranged weapons and melee
   (+2).
 Q - quicksilver dragon scales
Jewellery
 i - an amulet of regeneration (around neck)
 A - a +4 ring of protection
 C - a ring of protection from cold (right hand)
 H - a ring of protection from fire
 V - a ring of see invisible
 W - a ring of willpower (left hand)
 Z - the ring of Gestreti {Wiz rPois Dex+4}
   (You found it on level 2 of the Shoals)

   [ring of wizardry]

   It improves your spell success rate.
   Dex:       It affects your dexterity (+4).
   rPois:     It protects you from poison.
Wands
 c - a wand of charming (58)
 d - a wand of digging (7)
 m - a wand of mindburst (27)
 p - a wand of polymorph (19)
 J - a wand of roots (31)
 K - a wand of quicksilver (10)
Scrolls
 e - 19 scrolls of teleportation
 w - 2 scrolls of magic mapping
 x - 11 scrolls of butterflies
 y - a scroll of blinking
 z - 12 scrolls of fear
 F - 8 scrolls of vulnerability
 G - 9 scrolls of immolation
 L - 12 scrolls of poison
 O - 5 scrolls of silence
 R - 2 scrolls of enchant armour
 T - 2 scrolls of summoning
Potions
 h - 11 potions of lignification
 j - 7 potions of brilliance
 k - 13 potions of mutation
 n - 7 potions of heal wounds
 q - 2 potions of haste
 r - 5 potions of berserk rage
 t - 9 potions of might
 u - 34 potions of curing
 E - 5 potions of resistance
 M - 10 potions of attraction
 Y - 4 potions of cancellation
Miscellaneous
 g - a tin of tremorstones (1/2)
 D - a box of beasts
 I - a phial of floods
 S - a lightning rod (4/4)
 X - a phantom mirror


   Skills:
 + Level 22.4 Fighting
 - Level 17.1 Long Blades
 - Level 0.7 Throwing
 + Level 13.6 Armour
 - Level 20.0 Dodging
 - Level 8.0 Stealth
 - Level 16.0 Shields
 - Level 18.0 Spellcasting
 - Level 16.0 Invocations
 + Level 17.5 Evocations


You couldn't memorise any spells.
You knew the following spells:

 Your Spells              Type           Power      Damage    Failure   Level
a - Apportation           Tloc           100%       N/A       0%          1
b - Fire Storm            Conj/Fire      43%        8d11      96%         9
c - Freezing Cloud        Conj/Ice/Air   43%        6-21      1%          5
d - Static Discharge      Conj/Air       86%        3-14/arc  0%          2
e - Blade Hands           Tmut           43%        N/A       1%          5
g - Gell's Gravitas       Tloc           86%        N/A       0%          3
l - Lesser Beckoning      Tloc           86%        N/A       0%          3
m - Manifold Assault      Tloc           86%        N/A       1%          5
n - Sticky Flame          Conj/Fire      86%        2d10      1%          4
r - Frozen Ramparts       Ice            100%       1d16      0%          3
s - Starburst             Conj/Fire      43%        6d12      1%          6
t - Teleport Other        Tloc           86%        N/A       0%          3
B - Blink                 Tloc           100%       N/A       0%          2
D - Dragon Form           Tmut           43%        N/A       2%          7
I - Infestation           Necr           43%        N/A       19%         8
J - Disjunction           Tloc           43%        N/A       19%         8
S - Spellforged Servitor  Conj/Summ      43%        N/A       2%          7
X - Summon Horrible Thin  Summ           43%        N/A       19%         8
Your spell library was empty.

Dungeon Overview and Level Annotations

Branches:
Dungeon (15/15)            Temple (1/1) D:4            Lair (5/5) D:11
 Shoals (4/4) Lair:2       Spider (4/4) Lair:2        Slime (0/5) Lair:4
    Orc (2/2) D:11            Elf (3/3) Orc:2        Vaults (5/5) D:14
  Crypt (3/3) Vaults:2     Depths (4/4) D:15           Hell (visited)
    Zot (5/5) Depths:4      Sewer (visited)           IceCv (visited)
 WizLab (visited)
   Tomb: Crypt:3        Dis: Hell:1         Geh: Hell:1         Coc: Hell:1
    Tar: Hell:1

Altars:
Ashenzari
Cheibriados
Dithmenos
Elyvilon
Fedhas
Gozag
Hepliaklqana
Makhleb
Nemelex Xobeh
Okawaru
Qazlal
Ru
Trog
Uskayaw
Wu Jian
Xom
Yredelemnul
Zin
The Shining One

Shops:
D:4 (   D:7 !   D:11 [*:*!   Orc:2 *=![   Vaults:2 [   Vaults:5 [*(=
Depths:2 [

Portals:
Hell: Depths:1 Depths:2 Depths:3 Depths:4
Abyss: Depths:2 Depths:3
Pandemonium: Orc:2 Depths:2 Depths:4
Ziggurat: Depths:1

Annotations:
D:6 1 runed translucent door, exclusion: door, billybob123456's ghost, novice MiMo
D:12 4 runed translucent doors, exclusion: 4 doors
Lair:5 3 runed translucent doors, exclusion: 3 doors, capuchin's ghost, journeyman HOBe; joshua's ghost, journeyman MiBe
Spider:2 1 runed translucent door, exclusion: door, Mulod's ghost, journeyman FeSu
Spider:3 Mara
Elf:1 exclusion: dancing weapon
Vaults:3 exclusion: door, Boris
Crypt:1 1 runed translucent door, exclusion: door, Hynnuzim's ghost, veteran CeHu
Zot:5 exclusions: 3 upstairs and 1 more exclusion


Innate Abilities, Weirdness & Mutations

You are immune to sickness and miasma.
You are immune to poison.
Your flesh is very heat resistant. (rF++)
You are vulnerable to cold. (rC-)
You float through the air rather than walking.
You learn spells naturally, not from books.
Your magical power is your life essence.
You have superior vitality. (+4 MHP)
You are frail. (-10% HP)
You frequently scream uncontrollably at your foes.


Message History

There is a stone staircase leading up here.
You fly upwards.
There is a stone staircase leading down here.
An Orb Guardian comes into view.
There is a stone staircase leading up here.
You fly upwards.
There is a stone staircase leading down here.
There is a dry fountain here.
An orange demon comes into view.
The orange demon moves out of view.
There is a stone staircase leading up here.
You fly upwards.
There is a stone staircase leading down here.
Unknown command.
Aiming: Dig
Press: ? - help, Shift-Dir - straight line This square is lit by a halo and is covered in magical glow.
The rock shatters into small pieces.
You scream at the rust devil!
A lich and a rust devil come into view.
You scream at the lich!
The rust devil screeches!
The lich moves out of view.
There is a stone staircase leading up here.
You fly upwards.
There is a stone staircase leading down here.
A ynoxinul and a chaos spawn come into view.
The ynoxinul bellows!
The chaos spawn gives a hideous shriek!
There is a stone staircase leading up here.
You fly upwards.
There is a stone staircase leading down here.
Aiming: Dig
Press: ? - help, Shift-Dir - straight line A rock wall.
This square is lit by a halo and is covered in magical glow.
The rock shatters into small pieces.
There is an open door here.
There is a staircase leading out of the dungeon here.
There is a staircase leading out of the dungeon here.
You have escaped!

#............#........#........##
#......####....###..#........####
#......####..#..................#
#...........######.....)........#
#......###### ####.###########
###..### ##...##..).... ##...####
######..#....####.. #.#....#
#....#..####.# #.. #.####.###
#.@..'..#..'.# #.. #...##...#
#....#..#..#.# #.# #####.###..#
######..###..# #.. #..........#
#.......# #.# #..........#
#################
#..........#####.....#.......###
#.............##....###........#
#..........##..#.#### #......†..
##############...# #.........


There were no monsters in sight!

Vanquished Creatures
  2 dread liches
  3 orbs of fire (Zot:5)
  2 ancient liches
  A juggernaut (Depths:4)
  Saint Roka (Elf:3)
  4 Killer Klowns (Zot:5)
  A caustic shrike (Depths:2)
  8 golden dragons
  Geryon (Hell)
  A profane servitor (Crypt:2)
  Arachne (Spider:2)
  Jorgrun (D:14)
  Rupert (D:15)
  2 electric golems (Zot:5)
  4 tentacled monstrosities
  Zenata (D:14)
  A walking crystal tome (Depths:4)
  A shard shrike skeleton (Crypt:1)
  20 Orb Guardians (Zot:5)
  2 deep elf blademasters
  6 liches
  A walking earthen tome (Depths:4)
  A titan (Depths:2)
  8 quicksilver dragons
  2 walking frostbound tomes
  3 ancient champions
  A death cob (Zot:1)
  An Executioner (D:11)
  Gastronok (Lair:3)
  Polyphemus (Shoals:3)
  10 sphinxes
  A kraken (Shoals:1)
  Frances (D:14)
  10 tengu reavers
  A tentacled starspawn (WizLab)
  Donald (Spider:3)
  A storm dragon (shapeshifter) (Vaults:5)
  2 draconian monks
  8 shadow dragons
  2 revenants (Crypt:1)
  4 storm dragons
  Ilsuiw (Shoals:3)
  A nagaraja (WizLab)
  7 deep elf sorcerers
  2 draconian scorchers (Zot:5)
  An emperor scorpion (Spider:4)
  9 fire giants
  An iron dragon (Depths:3)
  Aizul (Depths:2)
  23 vault wardens
  8 frost giants
  2 draconian knights
  2 orc warlords
  A deep elf elementalist (Elf:3)
  A draconian shifter (Zot:2)
  11 very ugly things
  12 ghouls
  6 ghost moths
  Louise (Depths:3)
  3 demonspawn corrupters (WizLab)
  5 spriggan defenders
  15 ironbound preservers
  15 stone giants
  3 caustic shrike skeletons
  2 juggernaut skeletons
  A war gargoyle (Vaults:1)
  13 ironbound thunderhulks
  6 deep elf demonologists
  2 broodmothers (Spider:2)
  10 deep elf annihilators (Elf:3)
  3 entropy weavers
  5 green draconians
  5 vampire knights
  Nessos (D:15)
  3 black draconians
  A purple draconian (Depths:4)
  4 white draconians
  A lorocyproca (Depths:2)
  11 spark wasps
  5 yellow draconians
  23 dire elephants
  4 eidola
  18 ettins
  Snorg (D:12)
  2 crystal guardians
  2 spectral krakens (Shoals:4)
  7 merfolk javelineers
  12 fire dragons
  A quicksilver dragon zombie (Crypt:1)
  5 jiangshi
  8 merfolk impalers
  5 deep elf death magi
  A pearl dragon zombie (Crypt:2)
  3 rakshasas
  A quicksilver dragon skeleton (Crypt:1)
  Fannar (Lair:1)
  4 ice dragons
  8 hydras
  9 deep elf high priests
  A spriggan zombie (Crypt:3)
  36 vault guards
  17 yaktaur captains
  3 peacekeepers
  6 great orbs of eyes
  2 caustic shrike simulacra (Depths:3)
  2 ghost crabs (Shoals:4)
  2 catoblepae
  2 spriggan skeletons
  18 centaur warriors
  8 ironbound frosthearts
  8 boulder beetles
  4 spriggan air magi
  6 ogre magi
  5 merfolk avatars
  A demonspawn (Orc:2)
  7 jorogumos
  An anaconda (WizLab)
  22 dancing weapons
  17 death yaks
  9 merfolk aquamancers
  A death knight (Vaults:2)
  A titan zombie (Crypt:1)
  11 two-headed ogres
  8 vampire magi
  4 satyrs
  7 deep troll earth magi
  7 tengu warriors
  8 orc high priests
  4 hell hogs
  4 deep troll shamans
  3 soul eaters
  Urug (Orc:1)
  8 spriggan berserkers
  Nergalle (Lair:2)
  Sonja (Lair:1)
  11 hell knights
  A sun demon (Orc:2)
  5 titan skeletons (Depths:3)
  4 spriggans
  A storm dragon zombie (Crypt:3)
  8 pharaoh ants
  17 deep elf knights
  25 skeletal warriors
  A golden dragon zombie (Crypt:2)
  A salamander mystic (Depths:2)
  A fire crab (Lair:5)
  5 iron trolls
  5 steelbarb worms
  A sixfirhy (Depths:2)
  41 deep trolls
  14 sea snakes
  A storm dragon skeleton (Depths:3)
  4 flayed ghosts
  5 bog bodies
  An orange crystal statue (Crypt:2)
  11 phantasmal warriors
  34 harpies
  A golden dragon skeleton (Depths:3)
  A bunyip skeleton (Crypt:1)
  13 orb spiders
  A tengu zombie (Depths:3)
  13 orc knights
  2 glowing orange brains (Depths:4)
  22 deep elf pyromancers
  23 ironbound convokers
  8 deep elf archers
  28 deep elf zephyrmancers
  7 lindwurms
  Pikel (D:4)
  12 necromancers
  18 wizards
  A fire giant zombie (Crypt:2)
  6 orc sorcerers
  A shadow dragon skeleton (Depths:3)
  5 tengu skeletons
  A sphinx skeleton (Depths:3)
  16 wolf spiders
  7 cyclopes
  12 manticores
  A dire elephant zombie (Crypt:2)
  9 worldbinders (WizLab)
  8 fauns
  31 ugly things
  5 iron dragon skeletons (Depths:3)
  Maurice (Orc:1)
  2 salamanders (Depths:2)
  15 elephants
  17 moths of wrath
  3 apis skeletons (Crypt:2)
  An ice statue (IceCv)
  2 human skeletons
  2 frost giant skeletons (Depths:3)
  2 naga zombies
  7 merfolk sirens
  2 black mambas
  An alligator snapping turtle zombie (Crypt:2)
  3 torpor snails
  6 water nymphs
  A molten gargoyle (Depths:2)
  18 vault sentinels
  11 cane toads
  5 gargoyles (D:8)
  Maggie (D:6)
  A purple draconian zombie (Crypt:2)
  4 unseen horrors (D:15)
  A centaur skeleton (Crypt:3)
  Psyche (D:8)
  2 rime drakes
  41 yaktaurs
  2 human zombies
  A swamp worm zombie (Crypt:3)
  2 efreet
  11 komodo dragons
  A tengu conjurer (Depths:2)
  2 freezing wraiths
  An elf zombie (Vaults:1)
  2 hellwings
  2 guardian mummies (Crypt:3)
  6 demonic crawlers
  A green draconian skeleton (Crypt:1)
  A minotaur skeleton (Crypt:2)
  2 ice devils (Orc:2)
  A red devil (Depths:4)
  A merfolk (shapeshifter) (Vaults:5)
  4 trolls
  23 merfolk
  7 hornets
  3 meliai (Spider:2)
  A tyrant leech (shapeshifter) (Elf:3)
  17 polar bears
  A harpy zombie (Crypt:2)
  A harpy skeleton (Crypt:1)
  18 tarantellas
  A spectral manticore (Shoals:4)
  7 wind drakes
  9 blink frogs
  7 spectral merfolk (Shoals:4)
  12 dream sheep
  A dream sheep (shapeshifter) (Vaults:5)
  9 snapping turtles
  A fire giant simulacrum (Depths:3)
  58 slime creatures
  2 shadows (D:10)
  33 jumping spiders
  15 culicivoras
  3 ettin zombies
  An elf skeleton (Vaults:1)
  An ettin skeleton (Vaults:3)
  10 flying skulls (Depths:3)
  A naga simulacrum (Crypt:3)
  2 air elementals
  2 wraiths
  A human (shapeshifter) (Vaults:5)
  6 wyverns
  14 water elementals
  2 fire bats (Depths:2)
  2 golden eyes (WizLab)
  80 yaks
  An unseen horror simulacrum (D:9)
  8 basilisks
  A chaos spawn (Depths:2)
  6 steam dragons
  2 fire elementals
  9 vampire mosquitoes
  49 redbacks
  Grum (D:8)
  2 neqoxecs
  4 wargs
  A demonspawn zombie (Crypt:1)
  Edmund (D:6)
  A harpy simulacrum (Crypt:2)
  3 acid dragons
  11 water moccasins
  2 floating eyes (shapeshifter)
  Duvessa (D:6)
  A cane toad zombie (Crypt:1)
  A swamp drake (Lair:4)
  3 glowing shapeshifter skeletons (Depths:3)
  2 ice beasts (D:7)
  A sky beast (D:6)
  An ettin simulacrum (Vaults:1)
  34 orc warriors
  2 black bears
  29 wolves
  4 boggarts (Vaults:1)
  17 ogres
  19 centaurs
  2 phantoms
  5 kobold brigands
  A rime drake skeleton (Crypt:1)
  6 bullfrogs
  4 earth elementals
  4 gnoll sergeants
  7 scorpions
  6 necrophages
  2 glowing shapeshifter simulacra
  Dowan (D:6)
  A wyvern skeleton (Crypt:3)
  A human simulacrum (Vaults:3)
  11 howler monkeys
  2 electric eels (D:11)
  A hound (shapeshifter) (Vaults:5)
  24 orc priests
  2 hounds (D:5)
  5 jellies
  3 iguanas
  19 orc wizards
  A basilisk skeleton (Crypt:2)
  2 acid dragon zombies
  3 centaur simulacra
  A naga skeleton (Crypt:3)
  16 gnolls
  7 adders
  12 white imps
  A howler monkey simulacrum (D:9)
  5 ufetubi
  4 worms
  4 dart slugs
  74 orcs
  14 ball pythons
  7 endoplasms
  8 giant cockroaches
  5 goblins
  6 hobgoblins
  5 jackals
  4 quokkas
  2 ball python skeletons
  A bat (D:2)
  4 frilled lizards
  A jackal zombie (Crypt:1)
  13 kobolds
  12 rats
  A rat zombie (Crypt:2)
  7 tentacles
2224 creatures vanquished.

Vanquished Creatures (collateral kills)
  An ancient lich (Vaults:5)
  A bone dragon (Depths:3)
  2 Orb Guardians (Zot:5)
  2 storm dragons
  An iron dragon (Vaults:5)
  A draconian shifter (Zot:5)
  A draconian annihilator (Zot:5)
  A deep elf annihilator (Vaults:5)
  A pearl dragon zombie (Crypt:2)
  7 vault guards (Vaults:5)
  A death knight (Crypt:2)
  A death yak (shapeshifter) (Vaults:5)
  A sun moth (Spider:4)
  An apis skeleton (Crypt:2)
  A vault sentinel (Vaults:5)
  A troll (Vaults:5)
  An orc warrior (Vaults:5)
  An iguana skeleton (Crypt:2)
26 creatures vanquished.

Vanquished Creatures (others)
  A revenant (Crypt:2)
  A very ugly thing (Vaults:5)
  A vampire knight (Depths:2)
  An ice dragon (Depths:2)
  A phantasmal warrior (Crypt:1)
  A deep elf zephyrmancer (Elf:2)
  A wolf spider (Spider:4)
  A harpy (Shoals:3)
  A rime drake (Lair:4)
  A centaur (D:14)
  2 bushes (Lair:5)
  35 fungi
  292 plants
  4 starspawn tentacles (WizLab)
  12 tentacles
  19 withered plants
374 creatures vanquished.

Grand Total: 2624 creatures vanquished

Notes
Turn   | Place    | Note
-------+----------+-------------------------------------------
     0 | D:1      | SuperSeabass the Djinni Warper began the quest for the Orb.
     0 | D:1      | SuperSeabass set off with the following spells memorised:
                  | Blink, Lesser Beckoning, Gell's Gravitas, Teleport Other,
                  | Manifold Assault.
     0 | D:1      | Reached XP level 1. HP: 18/18 MP: 0/0
   221 | D:1      | Reached XP level 2. HP: 17/23 MP: 0/0
   830 | D:1      | Found a faded altar of an unknown god.
  1246 | D:1      | Reached XP level 3. HP: 28/28 MP: 0/0
  1246 | D:1      | Learned a level 1 spell: Apportation
  1737 | D:2      | Reached XP level 4. HP: 33/33 MP: 0/0
  3025 | D:2      | Reached XP level 5. HP: 35/38 MP: 0/0
  3025 | D:2      | Learned a level 2 spell: Static Discharge
  3934 | D:3      | Reached skill level 5 in Long Blades
  3934 | D:3      | Reached XP level 6. HP: 26/43 MP: 0/0
  4545 | D:4      | Found a glowing drain.
  4608 | Sewer    | Entered a sewer
  5153 | Sewer    | Reached XP level 7. HP: 25/49 MP: 0/0
  5153 | Sewer    | Learned a level 3 spell: Frozen Ramparts
  5470 | D:4      | Found a staircase to the Ecumenical Temple.
  5477 | Temple   | Entered the Ecumenical Temple
  5557 | Temple   | Became a worshipper of Elyvilon the Healer
  6202 | D:4      | Noticed Pikel
  6214 | D:4      | Killed Pikel
  6215 | D:4      | Reached XP level 8. HP: 25/54 MP: 0/0
  6221 | D:4      | Reached * piety under Elyvilon
  6716 | D:4      | Found a stormy altar of Qazlal.
  6811 | D:4      | Found Suac's Antique Weapon Shop.
  7294 | D:5      | Entered Level 5 of the Dungeon
  7411 | D:5      | Reached skill level 5 in Spellcasting
  7564 | D:5      | Reached ** piety under Elyvilon
  8500 | D:6      | Found a runed translucent door.
  8508 | D:6      | Found a shimmering altar of Xom.
  8508 | D:6      | Noticed billybob123456's ghost (novice MiMo)
  8509 | D:6      | Noticed a +1 short sword of chaos
  8529 | D:6      | Reached XP level 9. HP: 48/58 MP: 0/0
  8529 | D:6      | Learned a level 4 spell: Sticky Flame
  8621 | D:6      | Noticed Duvessa
  8624 | D:6      | Noticed Dowan
  8635 | D:6      | Killed Dowan
  8635 | D:6      | Killed Duvessa
  8832 | D:6      | Reached *** piety under Elyvilon
  8884 | D:6      | Noticed Maggie
  9418 | D:6      | Killed Maggie
  9659 | D:6      | Noticed Edmund
  9677 | D:6      | Killed Edmund
 10231 | D:6      | Found a sparkling altar of Nemelex Xobeh.
 10302 | D:7      | Found Imomioc's Distillery.
 10305 | D:7      | Bought a potion of heal wounds for 70 gold pieces
 10308 | D:7      | Noticed a hornet
 10316 | D:7      | Killed a hornet
 10529 | D:7      | Reached XP level 10. HP: 45/64 MP: 0/0
 10533 | D:7      | Reached skill level 1 in Stealth
 10887 | D:7      | Reached skill level 3 in Fighting
 11188 | D:7      | Found an ornate altar of the Wu Jian Council.
 11228 | D:7      | Reached **** piety under Elyvilon
 11616 | D:8      | Noticed Psyche
 11628 | D:8      | Killed Psyche
 11629 | D:8      | Reached skill level 4 in Fighting
 11863 | D:8      | Noticed Grum
 12207 | D:8      | Reached XP level 11. HP: 64/74 MP: 0/0
 12207 | D:8      | Learned a level 5 spell: Freezing Cloud
 12312 | D:8      | Reached skill level 5 in Dodging
 12556 | D:8      | Reached skill level 5 in Fighting
 13007 | D:8      | Killed Grum
 13460 | D:9      | Found a bloodstained altar of Trog.
 13562 | D:9      | Reached ***** piety under Elyvilon
 13854 | D:9      | Found a sacrificial altar of Ru.
 14068 | D:9      | Reached skill level 1 in Invocations
 14761 | D:10     | Entered Level 10 of the Dungeon
 15012 | D:10     | Found a hazy altar of Hepliaklqana.
 15064 | D:10     | Reached skill level 6 in Fighting
 15065 | D:10     | Reached XP level 12. HP: 76/83 MP: 0/0
 15069 | D:10     | Reached skill level 5 in Stealth
 15186 | D:10     | Found a glowing golden altar of the Shining One.
 15752 | D:11     | Found Apusch's Assorted Antiques.
 15984 | D:11     | Noticed a boulder beetle
 15989 | D:11     | Killed a boulder beetle
 15990 | D:11     | Reached skill level 1 in Shields
 16056 | D:11     | Found Effi's General Store.
 16157 | D:11     | Reached skill level 7 in Fighting
 16157 | D:11     | Reached XP level 13. HP: 90/90 MP: 0/0
 16157 | D:11     | Learned a level 5 spell: Blade Hands
 16230 | D:11     | Found Koucug's Antique Armour Shop.
 16306 | D:11     | Bought a bloodstained buckler for 275 gold pieces
 16306 | D:11     | Identified the +0 buckler of Elyvilon's Reproof {Stlth+}
                  | (You bought it in a shop on level 11 of the Dungeon)
 16565 | D:11     | Found a staircase to the Lair.
 17017 | D:11     | Reached skill level 10 in Long Blades
 17017 | D:11     | Reached skill level 5 in Invocations
 17365 | D:11     | Found a staircase to the Orcish Mines.
 17626 | D:11     | Found Neguesef's Book Emporium.
 17668 | D:11     | Found Zokio's Distillery.
 17703 | D:11     | Identified 2 scrolls of acquirement
 17703 | D:11     | Acquired the +3 crown of Dyrovepreva {rElec Int+2 SInv}
 17703 | D:11     | Found the +3 crown of Dyrovepreva {rElec Int+2 SInv}
 17716 | D:11     | Acquired the +0 pair of gloves "Hotwyata" {Str-3 Int+5}
 17808 | Lair:1   | Entered Level 1 of the Lair of Beasts
 17844 | Lair:1   | Reached skill level 10 in Spellcasting
 18152 | Lair:1   | Reached skill level 8 in Fighting
 18289 | Lair:1   | Noticed Sonja
 18299 | Lair:1   | Killed Sonja
 18461 | Lair:1   | Noticed Fannar
 18476 | Lair:1   | Killed Fannar
 18477 | Lair:1   | Reached XP level 14. HP: 71/98 MP: 0/0
 18892 | Lair:1   | Reached skill level 5 in Shields
 19944 | Lair:2   | Found a staircase to the Shoals.
 19986 | Lair:2   | Reached ****** piety under Elyvilon
 19997 | Lair:2   | Found a hole to the Spider Nest.
 20227 | Lair:2   | Noticed Nergalle
 20245 | Lair:2   | Killed Nergalle
 20926 | Lair:3   | Noticed Gastronok
 20938 | Lair:3   | Killed Gastronok
 20945 | Lair:3   | Reached skill level 1 in Evocations
 21059 | Lair:3   | Found a frozen archway.
 21075 | IceCv    | Entered an ice cave
 21609 | IceCv    | Reached skill level 9 in Fighting
 22139 | IceCv    | Reached skill level 10 in Dodging
 22877 | IceCv    | Reached XP level 15. HP: 88/106 MP: 0/0
 22877 | IceCv    | Learned a level 6 spell: Starburst
 24993 | Lair:4   | Found a staircase to the Slime Pits.
 25536 | Lair:4   | Identified the +4 dagger of Blood {freeze, rN+ Int+3}
 25823 | Lair:5   | Entered Level 5 of the Lair of Beasts
 25935 | Lair:5   | Found a runed translucent gate.
 25935 | Lair:5   | Found a runed translucent gate.
 25935 | Lair:5   | Found a runed translucent gate.
 25936 | Lair:5   | Noticed capuchin's ghost (journeyman HOBe)
 25937 | Lair:5   | Noticed joshua's ghost (journeyman MiBe)
 26753 | Lair:5   | Reached skill level 10 in Fighting
 27163 | Lair:5   | Reached skill level 5 in Evocations
 27451 | Lair:5   | Identified the +8 quarterstaff of Vengeance {vorpal, rN+
                  | Int+4 SInv Stlth+}
 29060 | D:12     | Found a runed translucent door.
 29078 | D:12     | Found a runed translucent door.
 29308 | D:12     | Found a runed translucent door.
 29327 | D:12     | Reached XP level 16. HP: 83/114 MP: 0/0
 29441 | D:12     | Identified the +1 robe of Masochism {rN++ Will-}
 29601 | D:12     | Found a runed translucent door.
 29819 | D:12     | Noticed Snorg
 29869 | D:12     | Killed Snorg
 30712 | Orc:1    | Entered Level 1 of the Orcish Mines
 30714 | Orc:1    | Noticed Urug
 30723 | Orc:1    | Killed Urug
 30954 | Orc:1    | Noticed Maurice
 31104 | Orc:1    | Killed Maurice
 31288 | Orc:2    | Entered Level 2 of the Orcish Mines
 31600 | Orc:2    | Found Goeginog's General Store.
 31825 | Orc:2    | Found Pyveg's Distillery.
 32778 | Orc:2    | Reached skill level 11 in Fighting
 32957 | Orc:2    | Found Sedgh's Jewellery Shop.
 32957 | Orc:2    | Found Xuud's Antique Armour Boutique.
 32958 | Orc:2    | Found a one-way gate leading to the halls of Pandemonium.
 33371 | Orc:2    | Found a staircase to the Elven Halls.
 36200 | D:14     | Found a hazy altar of Hepliaklqana.
 36787 | D:14     | Reached XP level 17. HP: 115/121 MP: 0/0
 36787 | D:14     | Learned a level 7 spell: Spellforged Servitor
 36862 | D:14     | Found a gate to the Vaults.
 37433 | D:14     | Noticed Frances
 37443 | D:14     | Killed Frances
 37619 | D:15     | Entered Level 15 of the Dungeon
 37900 | D:15     | Noticed Jorgrun
 37924 | D:15     | Was placed under penance by Elyvilon
 37925 | D:15     | Elyvilon protects you from harm!
 38361 | D:14     | Killed Jorgrun
 38775 | D:15     | Noticed Rupert
 38777 | D:15     | Noticed Nessos
 39057 | D:15     | Killed Nessos
 39064 | D:15     | Killed Rupert
 39795 | D:15     | Reached skill level 12 in Fighting
 40012 | D:15     | Found a staircase to the Depths.
 40247 | Spider:1 | Entered Level 1 of the Spider Nest
 40953 | Spider:1 | Was forgiven by Elyvilon
 42129 | Spider:1 | Reached XP level 18. HP: 126/130 MP: 0/0
 42495 | Spider:1 | Identified the +3 scale mail of the Old and Reckless
                  | {Will+}
 43206 | Spider:2 | Noticed Arachne
 43209 | Spider:2 | Reached skill level 10 in Shields
 43219 | Spider:2 | Killed Arachne
 44252 | Spider:2 | Found a runed translucent door.
 44252 | Spider:2 | Noticed Mulod's ghost (journeyman FeSu)
 45881 | Spider:3 | Noticed Mara
 45973 | Spider:3 | Noticed Donald
 45987 | Spider:3 | Killed Donald
 46254 | Spider:3 | Acquired a manual of Spellcasting
 46958 | Spider:4 | Entered Level 4 of the Spider Nest
 47411 | Spider:4 | Reached skill level 13 in Fighting
 48879 | Spider:4 | Got a gossamer rune of Zot
 48983 | Spider:4 | Reached XP level 19. HP: 106/138 MP: 0/0
 48983 | Spider:4 | Learned a level 7 spell: Dragon Form
 49749 | Shoals:1 | Entered Level 1 of the Shoals
 49885 | Shoals:1 | Found Fuli's Vocational Training.
 50235 | Shoals:1 | Reached skill level 15 in Spellcasting
 51058 | Shoals:2 | Identified the ring of Gestreti {Wiz rPois Dex+4}
 51390 | Shoals:2 | Reached skill level 15 in Dodging
 51859 | Shoals:2 | Reached skill level 14 in Fighting
 52694 | Shoals:3 | Noticed Ilsuiw
 52784 | Shoals:3 | Killed Ilsuiw
 53790 | Shoals:3 | Noticed Polyphemus
 53805 | Shoals:3 | Killed Polyphemus
 55188 | Shoals:4 | Entered Level 4 of the Shoals
 55202 | Shoals:4 | Reached XP level 20. HP: 131/148 MP: 0/0
 56567 | Shoals:4 | Reached skill level 15 in Fighting
 57251 | Shoals:4 | Identified the +0 helmet of the Five Towns {rElec Dex+5}
 57861 | Shoals:4 | Got a barnacled rune of Zot
 58320 | Vaults:1 | Entered Level 1 of the Vaults
 58476 | Vaults:1 | Noticed Zenata
 58987 | D:14     | Killed Zenata
 59440 | Elf:1    | Entered Level 1 of the Elven Halls
 60221 | Elf:1    | Paralysed by an air elemental for 1 turns
 61312 | Elf:2    | Found a runed translucent gate.
 61312 | Elf:2    | Found a runed translucent gate.
 61312 | Elf:2    | Found a runed translucent gate.
 61623 | Elf:3    | Entered Level 3 of the Elven Halls
 61686 | Elf:3    | Noticed Saint Roka
 62232 | Elf:3    | Killed Saint Roka
 62233 | Elf:3    | Reached skill level 16 in Fighting
 62233 | Elf:3    | Reached XP level 21. HP: 91/157 MP: 0/0
 62233 | Elf:3    | Learned a level 8 spell: Summon Horrible Things
 63889 | Elf:3    | Noticed a Tzitzimitl
 65028 | Elf:3    | Identified the ring of Dyixom {rF+ rCorr Str-4 Int+4}
 65445 | Elf:3    | Identified the +9 arbalest of Dishonour {elec, rElec}
 65858 | Elf:3    | Identified the +8 long sword "Siuh" {vorpal, rPois SInv}
 65858 | Elf:3    | Identified the ring "Ebbies" {rF- Str+3 SInv Stlth+}
 65860 | Elf:3    | Identified the +4 scale mail of the Manifold Realms {-Tele
                  | Will+ Str+7 Dex-3}
 66289 | Elf:3    | Identified the +1 pair of boots of Leapfrog {rN+}
 66984 | Vaults:1 | Found a portal to a secret trove of treasure.
 67465 | Vaults:1 | Reached XP level 22. HP: 120/164 MP: 0/0
 69098 | Vaults:2 | Reached skill level 15 in Long Blades
 69169 | Vaults:2 | Found Notomm's Armour Boutique.
 69454 | Vaults:2 | Found a staircase to the Crypt.
 71136 | Vaults:3 | Reached XP level 23. HP: 76/171 MP: 0/0
 71136 | Vaults:3 | Learned a level 8 spell: Disjunction
 71278 | Vaults:3 | Noticed Boris
 71684 | Vaults:3 | Reached skill level 17 in Fighting
 72252 | Vaults:3 | Identified the +6 arbalest "Oliklah" {freeze, *Slow rN++
                  | Str+4}
 72925 | Vaults:4 | Reached skill level 5 in Armour
 73297 | Vaults:4 | Identified the +11 glaive "Xulicas" {vorpal, rPois Will+
                  | Int-3}
 75062 | Elf:2    | Reached XP level 24. HP: 180/180 MP: 0/0
 75771 | Depths:1 | Entered Level 1 of the Depths
 75886 | Depths:1 | Found a gateway to Hell.
 76273 | Depths:1 | Reached skill level 18 in Fighting
 76789 | Depths:1 | Found a one-way gateway to a ziggurat.
 77047 | Depths:1 | Found a glowing silver altar of Zin.
 77196 | Depths:2 | Noticed a caustic shrike
 78145 | Depths:2 | Found Tiefyena's Armour Emporium.
 78145 | Depths:2 | Noticed a golden dragon
 78294 | Depths:2 | Found a one-way gate to the infinite horrors of the Abyss.
 78458 | Depths:2 | Killed a golden dragon
 78518 | Depths:2 | Killed a caustic shrike
 78634 | Depths:2 | Noticed Aizul
 78648 | Depths:2 | Killed Aizul
 79039 | Depths:2 | Reached XP level 25. HP: 156/189 MP: 0/0
 79039 | Depths:2 | Learned a level 8 spell: Infestation
 79499 | Depths:3 | Found an ornate altar of the Wu Jian Council.
 79642 | Depths:3 | Found an iron altar of Okawaru.
 79741 | Depths:3 | Noticed Louise
 79757 | Depths:3 | Killed Louise
 79824 | Depths:3 | Reached skill level 15 in Shields
 79853 | Depths:3 | Reached skill level 19 in Fighting
 81124 | Depths:4 | Entered Level 4 of the Depths
 81128 | Depths:4 | Identified the +6 rapier of the Blind Eye {flame, *Noise
                  | Dex+5}
 81973 | Depths:4 | Reached skill level 10 in Armour
 82353 | Shoals:1 | Bought a manual of Evocations for 1200 gold pieces
 82353 | Shoals:1 | Bought a manual of Invocations for 1200 gold pieces
 82791 | Depths:4 | Reached skill level 20 in Fighting
 83024 | Depths:4 | Noticed a dread lich
 83024 | Depths:4 | Noticed a juggernaut
 83049 | Depths:4 | Killed a dread lich
 83086 | Depths:4 | Killed a juggernaut
 83198 | Depths:4 | Reached XP level 26. HP: 195/200 MP: 0/0
 83246 | Depths:4 | Found a gate to the Realm of Zot.
 84055 | D:10     | Fell from the grace of Elyvilon
 84055 | D:10     | Became a worshipper of the Shining One
 84055 | D:10     | Reached * piety under the Shining One
 84264 | Crypt:1  | Entered Level 1 of the Crypt
 84305 | Crypt:1  | Reached ** piety under the Shining One
 84340 | Crypt:1  | Reached skill level 10 in Invocations
 84366 | Crypt:1  | Reached skill level 10 in Evocations
 84456 | Crypt:1  | Found a runed translucent door.
 84458 | Crypt:1  | Noticed Hynnuzim's ghost (veteran CeHu)
 84529 | Crypt:1  | Reached *** piety under the Shining One
 84746 | Crypt:1  | Reached **** piety under the Shining One
 84822 | Crypt:1  | Identified the +4 scale mail "Cehocad" {Str+2}
 85295 | Crypt:1  | Noticed an ancient lich
 85304 | Crypt:1  | Killed an ancient lich
 85374 | Crypt:1  | Reached ***** piety under the Shining One
 86142 | Crypt:2  | Found a magical portal.
 86157 | WizLab   | Entered Alistair's Party Mansion
 86667 | WizLab   | Acquired a manual of Evocations
 86886 | Crypt:2  | Reached ****** piety under the Shining One
 86904 | Crypt:2  | Identified a +7 eudemon blade of holy wrath (a +5 demon
                  | blade of flaming blessed by the Shining One)
 86904 | Crypt:2  | Received a gift from the Shining One
 87417 | Crypt:2  | Found a basalt altar of Yredelemnul.
 87584 | Crypt:2  | Identified the +7 short sword of Ashenzari {antimagic, rN+}
 87795 | Crypt:3  | Entered Level 3 of the Crypt
 87803 | Crypt:3  | Reached XP level 27. HP: 204/208 MP: 0/0
 87803 | Crypt:3  | Learned a level 9 spell: Fire Storm
 88062 | Vaults:5 | Entered Level 5 of the Vaults
 88106 | Vaults:5 | Noticed an ancient lich
 88138 | Vaults:5 | Reached skill level 21 in Fighting
 88686 | Vaults:5 | Identified the +6 eveningstar "Jyalu" {freeze, rF+ rC+}
 88753 | Vaults:5 | Killed an ancient lich
 88757 | Vaults:5 | Identified the +1 chain mail "Tiyr" {MP+9 Str+3 Int-4}
 89350 | Vaults:5 | Found Buxuo's Antique Weapon Shoppe.
 89366 | Vaults:5 | Found Jazoeq's Jewellery Shop.
 89392 | Vaults:5 | Found Zihi's General Store.
 89414 | Vaults:5 | Bought a potion of heal wounds for 100 gold pieces
 89417 | Vaults:5 | Found Gioqojatz's Antique Armour Shoppe.
 89429 | Vaults:5 | Bought a runed cloak for 187 gold pieces
 89520 | Vaults:5 | Got a silver rune of Zot
 89923 | Vaults:5 | Bought the +8 autumn katana {vorpal, manifold assault} for
                  | 2474 gold pieces
 89923 | Vaults:5 | Found the +8 autumn katana {vorpal, manifold assault}
 90120 | D:11     | Bought a potion of heal wounds for 75 gold pieces
 90120 | D:11     | Bought a potion of heal wounds for 75 gold pieces
 90120 | D:11     | Bought a potion of haste for 150 gold pieces
 90250 | Orc:2    | Bought a potion of mutation for 88 gold pieces
 90250 | Orc:2    | Bought a potion of mutation for 88 gold pieces
 90250 | Orc:2    | Bought a potion of cancellation for 88 gold pieces
 90250 | Orc:2    | Bought a potion of brilliance for 44 gold pieces
 90250 | Orc:2    | Bought a potion of haste for 110 gold pieces
 90252 | Orc:2    | Bought a potion of resistance for 130 gold pieces
 90439 | Hell     | Entered the Vestibule of Hell
 90439 | Hell     | Noticed Geryon
 90466 | Hell     | Killed Geryon
 90676 | Vaults:1 | You paid a toll of the horn of Geryon to enter a treasure
                  | trove
 90677 | Trove    | Entered a treasure trove
 90690 | Trove    | Identified the +0 shadow dragon scales "Damiloic" {Drain
                  | Regen+ Str+10 Stlth++++}
 90691 | Trove    | Identified the +1 chain mail of Tulalorr {Dex+2}
 90695 | Trove    | Identified the +3 cloak of Duty {Slay+2}
 90696 | Trove    | Identified the +1 cloak "Qiegg" {rCorr Int+4}
 92317 | Zot:1    | Entered Level 1 of the Realm of Zot
 92696 | Zot:1    | Reached skill level 15 in Invocations
 92763 | Zot:1    | Reached skill level 15 in Evocations
 93067 | Zot:5    | Entered Level 5 of the Realm of Zot
 93709 | Zot:5    | Noticed an ancient lich
 93892 | Zot:5    | Killed an ancient lich
 93895 | Zot:5    | Noticed an orb of fire
 93899 | Zot:5    | Gained mutation: You are frail. (-10% HP) [an orb of fire]
 93909 | Zot:5    | Noticed a Killer Klown
 93913 | Zot:5    | Noticed an orb of fire
 93917 | Zot:5    | Gained mutation: You occasionally shout uncontrollably at
                  | your foes. [an orb of fire]
 93918 | Zot:5    | Killed an orb of fire
 93919 | Zot:5    | Reached skill level 22 in Fighting
 94026 | Zot:5    | Noticed a Killer Klown
 94055 | Zot:5    | Killed a Killer Klown
 94073 | Zot:5    | Noticed a Killer Klown
 94100 | Zot:5    | Killed a Killer Klown
 94149 | Zot:5    | Noticed an orb of fire
 94165 | Zot:5    | Gained mutation: You frequently scream uncontrollably at
                  | your foes. [an orb of fire]
 94168 | Zot:5    | Killed an orb of fire
 94185 | Zot:5    | Killed an orb of fire
 94211 | Zot:5    | Killed a Killer Klown
 94379 | Zot:5    | Noticed a Killer Klown
 94379 | Zot:5    | Noticed a dread lich
 94398 | Zot:5    | Killed a dread lich
 94424 | Zot:5    | Killed a Killer Klown
 94808 | Zot:5    | Noticed an orb of fire
 94814 | Zot:5    | Got the Orb of Zot
 95017 | Depths:4 | Noticed Xyneilapt the pandemonium lord
 95438 | D:$      | Escaped with the Orb!

Illustrated notes

Levels and vault maps discovered:
D:1:      dpeg_arrival_erosion, layout_rooms, ebering_ecumenical_altar_petrified
D:2:      minmay_inner_zag, layout_basic, basic_altar
D:3:      layout_basic, corner_web_ring, fountainhead
D:4:      layout_layer_cave, lemuel_tele_altar, minmay_temple_entry_junction_2,
          portal_sewer_entry_f, serial_shops, nicolae_shop_statue_plus,
          hangedman_decor_opposing, uniq_pikel
D:5:      layout_cave_pools, serial_bayou, serial_bayou_crossing,
          serial_bayou_pond_d, serial_bayou_shore_a, serial_bayou_pond_d
D:6:      layout_basic, led_sif_book, kennysheep_mini, ebering_ghost_xom,
          uniq_maggie, uniq_duvessa, uniq_edmund
D:7:      layout_cave_pools, kennysheep_mini_moat, nicolae_stop_n_shop_2,
          serial_park_tiny_1, ebering_dispersal_statue_hall,
          grunt_decor_one_mirror
D:8:      cheibrodos_statue_roulette, layout_cave_pools, uniq_psyche, uniq_grum
D:9:      layout_basic, trog_butcher_becter,
          nicolae_kikubaaqudgha_miasma_corner, nicolae_ru_path_of_blood,
          serial_ice, serial_ice_i, serial_ice_a, serial_ice_b, serial_ice_c
D:10:     layout_roguey, mainiacjoe_overflow_alcove_4,
          mainiacjoe_overflow_six_doors_small, serial_bayou_pond_d
D:11:     layout_basic, erik_lair_dragon,
          kennysheep_orc_monster_closet_entryway, serial_shops,
          nicolae_shop_window_shopping, shop, nicolae_shop_hallway_stairs, shop,
          nicolae_shop_statue_plus
D:12:     layout_basic, minmay_statue_crystal_thing, uniq_snorg
D:13:     layout_stronghold
D:14:     layout_loops_ring, lightli_vaults_fourway_checkpoint,
          nzn_hepliaklqana_mist_gate, grunt_ministairs_7, uniq_frances
D:15:     grunt_enter_depths_hoard, layout_rooms, serial_glass, glass_columns_a,
          glass_columns_b, minmay_strange_pillars, due_unseen_surprise,
          minivault_25, gauntlet_entry_generic, grunt_ministairs_5, uniq_rupert,
          uniq_nessos, uniq_jorgrun
Temple:   dshaligram_water_room_temple
Lair:1:   layout_cave_pods, beast_lair_carwin_7, uniq_fannar, uniq_sonja
Lair:2:   layout_chaotic_city, minmay_shoals_entry_lonely_mermaid,
          spider_nest_entry_a, uniq_nergalle
Lair:3:   layout_cave_pods, portal_ice_cave_entry_pillars_1, uniq_gastronok
Lair:4:   layout_cave_pods, nicolae_slime_entry_slimehenge, guppyfry_lair_drakes
Lair:5:   grunt_lair_end_beastmaster, layout_regular_city,
          gammafunk_ghost_cemetery, lemuel_fruit_tree, grunt_megastairs_5
Shoals:1: layout_shoals, nicolae_shop_vocational
Shoals:2: layout_shoals
Shoals:3: layout_shoals, nicolae_shoals_aquamancer_cove, uniq_ilsuiw,
          uniq_polyphemus
Shoals:4: shoals_end_grunt_garden, layout_shoals, nicolae_shoals_spectral_cove
Spider:1: layout_spider_delve
Spider:2: layout_chambers, gammafunk_ghost_grave, uniq_arachne
Spider:3: nicolae_spider_mines_1, nicolae_spider_paper_wasps,
          hangedman_spider_tarantella_strand, uniq_donald, uniq_mara
Spider:4: johnstein_spider_rune_arachne_lair
Orc:1:    layout_diamond_mine, uniq_maurice, uniq_urug
Orc:2:    pf_orc_diabolical, layout_caves
Elf:1:    elf_arrival_001, layout_geoelf_grid, kennysheep_underground_church,
          nicolae_elf_glass_and_crystal_pillar_1
Elf:2:    elven_hall_of_blades_hangedman_original [nicolae_blade_lattice],
          layout_gridlike
Elf:3:    minmay_elf_hall_x, layout_gridlike, serial_sigils,
          serial_sigils_hangedman_clutch, serial_sigils_hangedman_writhe,
          serial_sigils_hangedman_gut, serial_sigils_hangedman_confine,
          serial_sigils_hangedman_scratch, serial_sigils_hangedman_gnaw,
          uniq_saint_roka
Vaults:1: vaults_room_glass_cross, vaults_room_pool,
          nicolae_vaults_network_square, hangedman_vaults_stretched_pinwheel,
          v_misc_33, vaults_mumra_hexcomb, vaults_room_grid, vaults_room_boxed,
          grunt_vaults_hallway_long, v_misc_3, nicolae_vaults_rhombus_5,
          ontoclasm_vaults_chip, layout_vaults_ring, enter_trove_2, uniq_zenata
Vaults:2: ontoclasm_vaults_ring_small, nicolae_vaults_rhombus_5,
          nicolae_vaults_mini_display_case, nicolae_vaults_rhombus_6,
          minmay_crypt_entry_simple_round, vaults_dpeg_diagonal,
          ontoclasm_vaults_ligature, ontoclasm_vaults_pinch,
          layout_vaults_omnigrid, serial_shops, shop
Vaults:3: nicolae_vaults_arrows, ontoclasm_vaults_hangar, st_quartered_hall,
          v_misc_5, v_rooms_4, vaults_dpeg_cross,
          nicolae_vaults_little_squares_5, nicolae_vaults_big_ls,
          nicolae_vaults_yaktaur_gun_rack, hangedman_vaults_stagger,
          nicolae_vaults_shelves_hall, layout_vaults_maze_snakey, uniq_margery,
          uniq_boris
Vaults:4: v_misc_16, vaults_room_pool, nicolae_vaults_triangles, v_misc_32,
          v_pattern_4, v_misc_12, hangedman_vaults_nails, grunt_vaults_bifocal,
          nicolae_vaults_sealed_display, serial_ice_m,
          nicolae_vaults_specimen_jars, vaults_dpeg_ring,
          layout_vaults_omnicross
Vaults:5
Crypt:1:  layout_basic, ebering_ghost_inner_flame, weyrava_lich_vault,
          grunt_megastairs_3
Crypt:2:  statuecave_lemuel, layout_basic, mu_enter_wizlab_7,
          hangedman_blasphemy
Crypt:3:  due_elkab, layout_chaotic_city, lemuel_dead_fish_pool
Depths:1: layout_long_grid, enter_ziggurat_b, zin_angel, hell_entry,
          serial_bayou_lake_a
Depths:2: minmay_the_grid_square_5x5_4x4_mashed
          [minmay_the_grid_square_5x5_minimal,
          minmay_the_grid_square_5x5_inverted_slash,
          minmay_the_grid_square_5x5_eight, minmay_the_grid_square_5x5_n,
          minmay_the_grid_square_5x5_bite,
          minmay_the_grid_square_5x5_prize_itemx,
          minmay_the_grid_square_5x5_prize_monsterx,
          minmay_the_grid_square_5x5_two, minmay_the_grid_square_5x5_six,
          minmay_the_grid_square_5x5_prize_junk,
          minmay_the_grid_square_5x5_prize_open,
          minmay_the_grid_square_5x5_plus,
          minmay_the_grid_square_5x5_fancy_junction,
          minmay_the_grid_square_5x5_slash,
          minmay_the_grid_square_5x5_checkered,
          minmay_the_grid_square_5x5_one_wall], layout_cave_pools, hellmouth_1,
          minmay_misc_feat_hallway, abyss_entry_crystal, rand_demon_pan_entry_7,
          serial_shops, shop, onia_ninara_dug_in_and_dangerous, uniq_aizul
Depths:3: minmay_skeleton_keep, layout_honeycomb, okawaru_gym_becter,
          hell_entry, nicolae_abyss_entry_one_way_or_another,
          nzn_wu_jian_contemplation, infiniplex_staircase_squiggle
Depths:4: grunt_runaround [grunt_runaround_doors_1, grunt_runaround_doors_2,
          grunt_runaround_doors_3, grunt_runaround_doors_4,
          grunt_runaround_zot], hell_entry, pan_entry
Hell
Zot:1:    layout_basic, uniq_parghit, uniq_grunn
Zot:2:    dreamdust_zin_vs_xom, layout_onion, grunt_ministairs_8,
          hangedman_zot_decor_checkerboard, bh_zot_ikea_curve,
          nicolae_diode_basic
Zot:3:    layout_gridlike, lemuel_lake_of_fire
Zot:4:    lemuel_halls_of_wrath, layout_gridlike
Zot:5:    layout_basic

Skill      XL: |  1  2  3  4  5  6  7  8  9 10 11 12 13 14 15 16 17 18 19 20 21 22 23 24 25 26 27 |
---------------+----------------------------------------------------------------------------------+-----
Long Blades    | 2 3 4 5 6 7 8 9 10 14 15 17 | 17.1
Spellcasting   | 4 6 8 9 10 11 12 13 14 16 17 18 | 18.0
Stealth        | 3 4 6 7 8 |  8.0
Dodging        | 4 6 8 10 11 12 13 14 15 17 18 19 20 | 20.0
Fighting       | 4 6 7 8 9 10 11 12 13 14 16 17 18 20 22 | 22.4
Invocations    | 1 4 5 7 8 9 12 16 | 16.0
Shields        | 3 4 5 7 8 9 11 14 15 16 | 16.0
Evocations     | 3 5 7 8 9 12 17 | 17.5
Armour         | 3 5 6 10 13 | 13.6
Throwing       | |  0.7

Action                   |  1- 3 |  4- 6 |  7- 9 | 10-12 | 13-15 | 16-18 | 19-21 | 22-24 | 25-27 || total
-------------------------+-------+-------+-------+-------+-------+-------+-------+-------+-------++-------
Melee: Falchion          |    26 |    28 |   108 |       |       |       |       |       |       ||   162
       Short sword       |    81 |   315 |       |       |       |       |       |       |       ||   396
       Punch             |       |     2 |       |       |       |       |       |       |       ||     2
       Staff             |       |       |     4 |     1 |     5 |     1 |     5 |       |       ||    16
       Scimitar          |       |       |    18 |     9 |     1 |    54 |   396 |   725 |       ||  1203
       Double sword      |       |       |       |       |       |       |       |   430 |  1403 ||  1833
       Eudemon blade     |       |       |       |       |       |       |       |       |   298 ||   298
       Katana            |       |       |       |       |       |       |       |       |   429 ||   429
Throw: Boomerang         |     5 |     1 |     1 |       |       |       |       |       |       ||     7
       Stone             |     4 |       |       |       |       |       |       |       |       ||     4
       Dart              |       |       |       |     1 |     2 |    17 |       |       |       ||    20
 Cast: Static Discharge  |       |    20 |    18 |       |     4 |    62 |   115 |   189 |   113 ||   521
       Frozen Ramparts   |       |       |    28 |    50 |    70 |   164 |   113 |    71 |    49 ||   545
       Sticky Flame      |       |       |     5 |    37 |    76 |   127 |    73 |    85 |    38 ||   441
       Freezing Cloud    |       |       |       |    17 |   159 |   156 |   207 |    67 |    46 ||   652
       Starburst         |       |       |       |       |     2 |    45 |     4 |       |    14 ||    65
       Blink             |       |       |       |       |       |     6 |       |     1 |    10 ||    17
       Lesser Beckoning  |       |       |       |       |       |    19 |    24 |    64 |    63 ||   170
       Gell's Gravitas   |       |       |       |       |       |     2 |       |       |       ||     2
       Teleport Other    |       |       |       |       |       |     1 |       |       |       ||     1
       Blade Hands       |       |       |       |       |       |       |     2 |       |       ||     2
       Dragon Form       |       |       |       |       |       |       |     1 |       |       ||     1
       Manifold Assault  |       |       |       |       |       |       |    10 |       |   125 ||   135
       Apportation       |       |       |       |       |       |       |       |     1 |       ||     1
Invok: Heal Self         |       |       |       |       |     1 |    18 |    31 |    23 |     8 ||    81
       Cleansing Flame   |       |       |       |       |       |       |       |       |    14 ||    14
       Summon Divine War |       |       |       |       |       |       |       |       |     7 ||     7
       Brand Weapon With |       |       |       |       |       |       |       |       |     1 ||     1
       Divine Shield     |       |       |       |       |       |       |       |       |     8 ||     8
 Abil: End Transformatio |       |       |       |       |       |       |     3 |       |       ||     3
Evoke: Wand              |       |       |     1 |     3 |     3 |     3 |    12 |     2 |    10 ||    34
       Lightning rod     |       |       |       |       |       |    10 |     8 |     3 |       ||    21
       Box of beasts     |       |       |       |       |       |     1 |       |       |     1 ||     2
       Phial of floods   |       |       |       |       |       |       |       |     1 |     1 ||     2
       Phantom mirror    |       |       |       |       |       |       |       |       |     2 ||     2
       Tin of tremorston |       |       |       |       |       |       |       |       |     1 ||     1
  Use: Scroll            |     3 |     4 |     4 |    12 |    11 |    11 |     1 |    15 |    26 ||    87
       Potion            |       |     1 |       |     1 |     2 |     2 |     3 |     3 |    22 ||    34
 Stab: Sleeping          |       |     2 |       |       |       |       |       |    16 |     7 ||    25
       Petrified         |       |       |       |       |       |       |     5 |       |       ||     5
       Distracted        |       |       |       |       |       |       |     1 |     1 |     4 ||     6
Armor: Leather armour    |    14 |   103 |    39 |    38 |    73 |   150 |   116 |   195 |       ||   728
       Swamp dragon scal |       |       |     4 |       |       |       |       |       |       ||     4
       Acid dragon scale |       |       |       |       |       |       |       |    73 |   449 ||   522
Dodge: Dodged            |    55 |   227 |   100 |   190 |   333 |   620 |   592 |   712 |   953 ||  3782
Block: Buckler           |       |       |       |     2 |    51 |       |       |       |       ||    53
       Kite shield       |       |       |       |       |   106 |   552 |   644 |   825 |  1372 ||  3499
